 Dungeon Crawl Stone Soup version 0.28-a0-46-g7b1be97da7 (webtiles) character file.

Game seed: 16451610985036413760

159 ipx the Chiller (level 5, -5/28 HPs)
             Began as a Deep Elf Ice Elementalist on July 30, 2021.
             Was an Initiate of Ru.
             Slain by a phantom (6 damage)
             ... on level 3 of the Dungeon.
             The game lasted 00:17:48 (979 turns).

ipx the Chiller (Deep Elf Ice Elementalist)          Turns: 979, Time: 00:17:49

Health: -5/28      AC:  3    Str:  5    XL:     5   Next: 17%
Magic:  11/13      EV: 12    Int: 21    God:    Ru [......]
Gold:   73         SH:  0    Dex: 15    Spells: 0/13 levels left

rFire   . . .      SeeInvis .   (no weapon)
rCold   . . .      Faith    .   (no shield)
rNeg    . . .      Spirit   .   a - +0 robe
rPois   .          Reflect  .   (no helmet)
rElec   .          Harm     .   (no cloak)
rCorr   .          Rampage  .   h - +0 pair of gloves
Will    .....                   (no boots)
Stlth   ++........              (no amulet)
HPRegen 0.09/turn               (no ring)
MPRegen 0.13/turn               (no ring)

@: no status effects
A: no striking features
a: Renounce Religion


You were on level 3 of the Dungeon.
You worshipped Ru.
Ru was noncommittal.
You visited 1 branch of the dungeon, and saw 5 of its levels.

You collected 73 gold pieces.

Inventory:

Armour
 a - a +0 robe (worn)
 d - a +0 buckler
 h - a +0 pair of gloves (worn)
Jewellery
 i - a ring of ice
Scrolls
 b - 2 scrolls of identify {unknown}
 c - a scroll of immolation {unknown}
 g - 2 scrolls of amnesia {unknown}
Potions
 e - a potion of degeneration {unknown}
 f - a potion of might {unknown}


   Skills:
 - Level 2.4 Dodging
 - Level 2.4 Stealth
 + Level 4.6 Spellcasting
 + Level 0.0 Conjurations
 - Level 6.4 Ice Magic


You couldn't memorise any spells.
You knew the following spells:

 Your Spells              Type           Power      Damage    Failure   Level
a - Hailstorm             Conj/Ice       18%        3d6       28%         4
l - Blink                 Tloc           N/A        N/A       17%         2
o - Ozocubu's Armour      Ice            32%        N/A       2%          3
r - Frozen Ramparts       Ice            64%        1d8       2%          3
z - Freeze                Ice            100%       1d11      1%          1

Your spell library contained the following spells:

 Spells                   Type           Power      Damage    Failure   Level
 Mephitic Cloud           Conj/Pois/Air  4%         N/A       32%         3
 Ignite Poison            Fire/Tmut/Pois 4%         N/A       34%         3
 Lesser Beckoning         Tloc           2%         N/A       34%         3
 Bolt of Magma            Conj/Fire/Erth 2%         4d4       97%         5
 Manifold Assault         Tloc           4%         N/A       97%         5


Dungeon Overview and Level Annotations

Branches:
Dungeon (5/15)
 Temple: D:4-7

Altars:
Ru
Yredelemnul
The Shining One

Annotations:
D:2 Sigmund, Terence


Message History

You climb upwards.
There is a stone staircase leading down here.
Casting: Freeze (safe; 1% risk of failure)
Confirm with . or Enter, or press ? or * to list all spells.
A film of ice covers your body!
The phantom hits you but does no damage.
Really attack while wielding your 2 scrolls labelled MONAAN ISINGASM? [Y]es or [N]o only, please.
Really attack while wielding your 2 scrolls labelled MONAAN ISINGASM?
Okay, then.
You are now empty-handed.
You hit the phantom but do no damage. The phantom hits you.
You closely miss the phantom. The phantom hits you.
The phantom blinks!
You blink.
Your icy armour cracks and falls away as you move.
You hit the phantom but do no damage. The phantom hits you!
The phantom blinks!
You blink.
You hit the phantom.
The phantom is lightly damaged.
The phantom hits you.
You hit the phantom but do no damage.
The phantom is lightly damaged.
The phantom barely misses you.
You barely miss the phantom.
The phantom is lightly damaged.
The phantom hits you.
* * * LOW HITPOINT WARNING * * *
The phantom blinks!
You blink.
You closely miss the phantom.
The phantom is lightly damaged.
The phantom hits you but does no damage.
You hit the phantom.
The phantom is lightly damaged.
The phantom hits you.
* * * LOW HITPOINT WARNING * * *
The phantom blinks!
You blink.
You hit the phantom but do no damage.
The phantom is lightly damaged.
The phantom hits you.
You die...

#..# #>## #.# #.# #.#
#######.###
........§.#
#######§..# #.@W....#
.## #.#####.### ..#
#.# #...# # #.# #.#
###<# #. #.# #.# #.#
#.#####.# #.# #.#
.....##.# #.# #.#
####+..##.#####.#####
#.#
#...#...............#
#.#


You could see a phantom.

Vanquished Creatures
  A centaur zombie (D:5)
  A hound (D:5)
  An orc wizard (D:3)
  3 adders
  A worm (D:3)
  5 orcs (D:3)
  4 endoplasms
  3 giant cockroaches
  3 goblins (D:1)
  2 hobgoblins
  3 kobolds
  A quokka (D:3)
  8 ball pythons
  3 bats
  2 frilled lizards
  2 rats
43 creatures vanquished.

Notes
Turn   | Place    | Note
-------+----------+-------------------------------------------
     0 | D:1      | ipx the Deep Elf Ice Elementalist began the quest for the
                  | Orb.
     0 | D:1      | Reached XP level 1. HP: 10/10 MP: 6/6
   113 | D:1      | Reached XP level 2. HP: 15/15 MP: 4/8
   120 | D:1      | Reached skill level 5 in Ice Magic
   165 | D:2      | Noticed Sigmund
   228 | D:2      | Reached XP level 3. HP: 16/19 MP: 3/9
   232 | D:2      | Learned a level 3 spell: Frozen Ramparts
   236 | D:2      | Learned a level 3 spell: Ozocubu's Armour
   267 | D:2      | Noticed Terence
   314 | D:5      | Entered Level 5 of the Dungeon
   314 | D:5      | Noticed a phantom
   357 | D:4      | Found a glowing golden altar of the Shining One.
   360 | D:4      | Found a basalt altar of Yredelemnul.
   415 | D:3      | Found a sacrificial altar of Ru.
   440 | D:3      | Reached skill level 6 in Ice Magic
   440 | D:3      | Reached XP level 4. HP: 15/24 MP: 1/10
   470 | D:3      | Became a worshipper of Ru the Awakened
   670 | D:4      | Learned a level 2 spell: Blink
   786 | D:5      | Reached XP level 5. HP: 16/28 MP: 2/13
   801 | D:5      | Noticed an ogre
   881 | D:4      | Learned a level 4 spell: Hailstorm
   978 | D:3      | HP: 1/28 [phantom (5)]
   979 | D:3      | Slain by a phantom

Illustrated notes

Levels and vault maps discovered:
D:1:      eino_arrival_water_star, layout_rooms, serial_shops, shop
D:2:      layout_basic, hellmonk_ecumenical_altar_pennies_from_heaven,
          kennysheep_flooded_box, uniq_crazy_yiuf_cottage, uniq_sigmund,
          uniq_terence
D:3:      layout_loops_ring, lemuel_crystal_altar,
          nicolae_ru_great_annihilating_truth, grunt_decor_fettered
D:4:      wander_river, layout_gridville, grunt_temple_overflow_holy_war,
          serial_glass, glass_columns_a, glass_columns_c, st_stairs_3,
          uniq_menkaure
D:5:      layout_loops_ring, lightli_temple_of_fire

Skill      XL: |  1  2  3  4 |
---------------+-------------+-----
Ice Magic      | 5 6 |  6.4
Spellcasting   | 4 |  4.6
Dodging        | |  2.4
Stealth        | |  2.4

Action                   |  1- 3 |  4- 6 || total
-------------------------+-------+-------++-------
Melee: Unarmed           |       |    40 ||    40
 Cast: Freeze            |    44 |    27 ||    71
       Frozen Ramparts   |       |     3 ||     3
       Ozocubu's Armour  |       |     2 ||     2
Armor: Robe              |     2 |    38 ||    40
Dodge: Dodged            |     9 |    60 ||    69

Table legend: (Time is in decaauts)
 A = Elapsed time spent in this place.
 B = Non-inter-level travel time spent in this place.
 C = Inter-level travel time spent in this place.
 D = Time resting spent in this place.
 E = Time spent auto-exploring this place.
 F = Levels seen in this place.
 G = Mean time per level.
                   A        B        C        D        E       F      G
               +--------+--------+--------+--------+--------+-----+--------+
         Total |   1025 |    980 |     45 |      0 |      0 |   5 |  205.0 |
       Dungeon |   1025 |    980 |     45 |      0 |      0 |   5 |  205.0 |
               +--------+--------+--------+--------+--------+-----+--------+

Top non-repeatable levels by time:
     D:3: 300 daAuts
     D:4: 298 daAuts
     D:2: 149 daAuts
     D:1: 141 daAuts
     D:5: 137 daAuts
